 Dungeon Crawl Stone Soup version 0.23-a0-473-gc8aadda (webtiles) character file.

276 CrossKnight the Cudgeler (level 6, 0/47 HPs)
             Began as a Demonspawn Gladiator on Nov 27, 2018.
             Succumbed to a scorpion's poison
             ... on level 3 of the Dungeon.
             The game lasted 00:11:33 (3134 turns).

CrossKnight the Cudgeler (Demonspawn Gladiator)     Turns: 3134, Time: 00:11:34

Health: 0/47       AC:  8    Str: 16    XL:     6   Next: 4%
Magic:  6/6        EV: 12    Int:  9    God:
Gold:   127        SH:  0    Dex: 15    Spells: 5/5 levels left

rFire    . . .     SeeInvis .   k - +0 scythe
rCold    . . .     Gourm    .   (shield currently unavailable)
rNeg     . . .     Faith    .   e - +0 ring mail
rPois    .         Spirit   .   c - +0 helmet
rElec    .         Reflect  .   (no cloak)
rCorr    .         Harm     .   (no gloves)
MR       .....                  (no boots)
Stlth    +.........             (no amulet)
HPRegen  0.15/turn              (no ring)
MPRegen  0.10/turn              (no ring)

@: lethally poisoned (0 -> -6)
A: claws 2, iridescent scales 1, demonic guardian 1
a: no special abilities


You were on level 3 of the Dungeon.
You were very hungry.

You visited 1 branch of the dungeon, and saw 3 of its levels.

You collected 127 gold pieces.

Inventory:

Hand Weapons
 a - a +1 flail
 k - a +0 scythe (weapon)
 n - a +0 long sword
Missiles
 d - 3 throwing nets (quivered)
Armour
 b - a +0 leather armour
 c - a +0 helmet (worn)
 e - a +0 ring mail (worn)
Wands
 q - a wand of disintegration (12)
Scrolls
 g - 2 scrolls of teleportation {unknown}
 h - a scroll of blinking {unknown}
 i - 2 scrolls of remove curse {unknown}
 l - 2 scrolls of amnesia {unknown}
 m - a scroll of identify {unknown}
Potions
 j - a potion of invisibility {unknown}
 o - 2 potions of curing {unknown}
 p - a potion of lignification {unknown}
Comestibles
 f - 6 rations


   Skills:
 + Level 3.0 Fighting
 + Level 4.5 Maces & Flails
 + Level 0.4 Polearms
 + Level 2.0 Throwing
 + Level 2.0 Armour
 + Level 3.4 Dodging
 + Level 0.5 Stealth


You had 5 spell levels left.
You didn't know any spells.
Your spell library was empty.

Dungeon Overview and Level Annotations

Branches:
Dungeon (3/15)

Altars:
Cheibriados
Sif Muna


Innate Abilities, Weirdness & Mutations

You have very sharp fingernails.
You are partially covered in iridescent scales. (AC +2)
A weak demonic guardian rushes to your aid.


Message History

The scorpion stings you.
You are poisoned.
The scorpion poisons you! The scorpion misses you.
You hit the scorpion but do no damage.
The scorpion is moderately wounded.
You feel very sick. The scorpion closely misses you. x2
Your ring mail prevents you from hitting the scorpion.
The scorpion is moderately wounded.
You feel sick. The scorpion stings you.
* * * LOW HITPOINT WARNING * * *
The scorpion barely misses you.
You barely miss the scorpion.
The scorpion is moderately wounded.
You feel sick. The scorpion stings you!
* * * LOW HITPOINT WARNING * * *
The scorpion barely misses you.
You barely miss the scorpion.
The scorpion is moderately wounded.
You die...

#############
............#
###########.######
#.......#
#..####5# #..# #@#
....# #s# ####.#
#.# #.# #.# .# .#.
... .# # # #). .#
### .# .#


You could see a scorpion and a friendly shadow imp.

Vanquished Creatures
  Sigmund (D:2)
  Ijyb (D:3)
  Terence (D:3)
  4 adders (D:2)
  A worm (D:3)
  A dart slug (D:1)
  3 bats
  A goblin (D:1)
  3 jackals (D:1)
  3 kobolds (D:1)
  A ball python (D:2)
  3 frilled lizards
  2 rats
  10 plants (D:1)
35 creatures vanquished.

Notes
Turn   | Place    | Note
-------+----------+-------------------------------------------
     0 | D:1      | CrossKnight the Demonspawn Gladiator began the quest for
                  | the Orb.
     0 | D:1      | Reached XP level 1. HP: 16/16 MP: 1/1
   607 | D:1      | Gained mutation: You have sharp fingernails. [demonic
                  | ancestry]
   607 | D:1      | Reached XP level 2. HP: 15/22 MP: 2/2
   643 | D:1      | You fall through a shaft!
   653 | D:2      | Reached skill level 3 in Maces & Flails
   671 | D:2      | HP: 1/22 [poisoned by an adder]
  1008 | D:2      | Gained mutation: You have very sharp fingernails. [demonic
                  | ancestry]
  1008 | D:2      | Reached XP level 3. HP: 17/27 MP: 3/3
  1061 | D:2      | Found a deep blue altar of Sif Muna.
  1179 | D:2      | Found a snail-covered altar of Cheibriados.
  1822 | D:2      | Noticed Sigmund
  1837 | D:2      | HP: 1/27 [something (4)]
  2142 | D:2      | Killed Sigmund
  2142 | D:2      | Reached skill level 4 in Maces & Flails
  2142 | D:2      | Reached skill level 1 in Armour
  2142 | D:2      | Gained mutation: You are partially covered in iridescent
                  | scales. (AC +2) [demonic ancestry]
  2142 | D:2      | Reached XP level 4. HP: 17/34 MP: 4/4
  2142 | D:2      | Gained mutation: A weak demonic guardian rushes to your
                  | aid. [demonic ancestry]
  2142 | D:2      | Reached XP level 5. HP: 20/40 MP: 5/5
  2775 | D:3      | Noticed Ijyb
  2788 | D:3      | Killed Ijyb
  3116 | D:3      | Noticed Terence
  3126 | D:3      | Killed Terence
  3126 | D:3      | Reached XP level 6. HP: 21/47 MP: 6/6
  3133 | D:3      | HP: 1/47 [scorpion (8)]
  3134 | D:3      | Succumbed to a scorpion's poison

Vault maps used:
D:1:      minmay_arrival_plants_in_alcoves, minivault_27
D:2:      lemuel_doored_altar, marbit_many_paths, minmay_misc_feat_square,
          uniq_sigmund
D:3:      kennysheep_okawaru_gauntlet, gup_sewer_entry_bubbles,
          xom_teletrap_fun, uniq_ijyb, uniq_terence

Skill      XL: |  1  2  3  4  5 |
---------------+----------------+-----
Throwing       | 2 |  2.0
Maces & Flails | 3 4 |  4.5
Dodging        | 3 |  3.4
Armour         | 1 2 |  2.0
Fighting       | 3 |  3.0
Polearms       | |  0.4
Stealth        | |  0.5

Action                   |  1- 3 |  4- 6 || total
-------------------------+-------+-------++-------
Melee: Flail             |   331 |       ||   331
       Scythe            |       |    43 ||    43
  Use: Scroll            |     1 |       ||     1
       Potion            |     1 |       ||     1
  Eat: Ration            |     2 |       ||     2
Armor: Ring mail         |    42 |    44 ||    86
Dodge: Dodged            |    74 |    48 ||   122

Table legend:
 A = Non-vault XP
 B = Vault XP
 C = Vault XP percentage of total XP
 D = Non-vault monster count
 E = Vault monster count
 F = Vault count percentage of total count
                 A         B        C        D         E       F
            +---------+---------+-------+---------+---------+-------
      Total |      84 |     311 |  78.7 |      21 |       4 |  16.0
            +---------+---------+-------+---------+---------+-------
        D:1 |      20 |       0 |   0.0 |      11 |       0 |   0.0
        D:2 |      56 |     239 |  81.0 |       7 |       2 |  22.2
        D:3 |       8 |      72 |  90.0 |       3 |       2 |  40.0
            +---------+---------+-------+---------+---------+-------
